 Dungeon Crawl Stone Soup version 0.21.1-1-g345015f (webtiles) character file.

12717 xccam the Bludgeoner (level 11, -1/95 HPs)
             Began as a Minotaur Berserker on Feb 13, 2018.
             Was a High Priest of Trog.
             Slain by a yak (10 damage)
             ... on level 10 of the Dungeon.
             The game lasted 00:17:10 (7858 turns).

xccam the Bludgeoner (Minotaur Berserker)           Turns: 7858, Time: 00:17:11

Health: -1/95      AC: 17    Str: 24    XL:     11   Next: 66%
Magic:  10/10      EV: 15    Int:  6    God:    Trog [*****.]
Gold:   443        SH:  0    Dex: 15    Spells: 10/10 levels left

rFire    . . .     SeeInvis .   l - +2 mace (drain)
rCold    + . .     Gourm    .   (no shield)
rNeg     . . .     Faith    .   B - +2 chain mail of the Hunter {MR+ Int+2 Dex+4 Slay+3}
rPois    +         Spirit   .   (helmet restricted)
rElec    .         Reflect  .   o - +1 cloak
rCorr    .         Harm     .   (no gloves)
MR       +....     Clarity  +   H - +1 pair of boots {Stlth+}
Stlth    ..........             D - amulet of regeneration
HPRegen  0.65/turn              r - +2 ring of evasion
MPRegen  0.12/turn              q - ring of protection from cold

@: lethally poisoned (-1 -> -1), berserk cooldown
A: retaliatory headbutt, horns 2, clarity, poison resistance
a: Berserk, Trog's Hand, Brothers in Arms, Burn Spellbooks, Renounce Religion


You were on level 10 of the Dungeon.
You worshipped Trog.
Trog was extremely pleased with you.
You were near starving.

You visited 1 branch of the dungeon, and saw 10 of its levels.

You collected 443 gold pieces.

Inventory:

Hand Weapons
 l - a +2 mace of draining (weapon)
 n - a +0 great mace
Armour
 o - a +1 cloak (worn)
 w - a +0 plate armour
 B - the +2 chain mail of the Hunter (worn) {MR+ Int+2 Dex+4 Slay+3}
   (You found it on level 6 of the Dungeon)

   It affects your intelligence (+2).
   It affects your dexterity (+4).
   It affects your accuracy and damage with ranged weapons and melee attacks
   (+3).
   It affects your resistance to hostile enchantments.
 H - a +1 pair of boots of stealth (worn)
Jewellery
 q - a ring of protection from cold (right hand)
 r - a +2 ring of evasion (left hand)
 D - an amulet of regeneration (around neck)
 E - the ring "Cighubb" {rElec rC+ rN++ MR- Str+3, unknown}
   (You took it off an orc warrior on level 9 of the Dungeon)

   [ring of protection from cold]

   It affects your strength (+3).
   It protects you from cold.
   It insulates you from electricity.
   It greatly protects you from negative energy.
   It affects your resistance to hostile enchantments.
Wands
 A - a wand of acid (14)
 F - a wand of digging (3)
 K - a wand of iceblast (5)
Scrolls
 a - a scroll of immolation {unknown}
 b - a scroll of noise {unknown}
 d - 3 scrolls of enchant weapon {unknown}
 f - 4 scrolls of remove curse
 g - 5 scrolls of identify
 h - 4 scrolls of teleportation {unknown}
 j - 3 scrolls of magic mapping {unknown}
 m - 2 scrolls of random uselessness {unknown}
 s - 4 scrolls of blinking {unknown}
 t - a scroll of enchant armour
 u - a scroll of amnesia {unknown}
 v - 2 scrolls of fog
 y - a scroll of brand weapon {unknown}
 C - a scroll of fear {unknown}
Potions
 e - 5 potions of curing
 i - 3 potions of heal wounds
 k - 2 potions of ambrosia
 p - 2 potions of lignification
 x - a potion of agility
 z - a potion of flight
 I - a potion of brilliance {unknown}
 J - a potion of mutation
Books
 G - a book of Fire

   Spells                             Type                      Level
   a - Ignite Poison                  Fire/Transmutation/Poison    3
   b - Fireball                       Conjuration/Fire             5
   c - Bolt of Fire                   Conjuration/Fire             6
   d - Ring of Flames                 Charms/Fire                  7
   e - Ignition                       Fire                         8
   Trog disapproves of the use of such an item.
Comestibles
 c - 18 rations


   Skills:
 + Level 8.7 Fighting
 * Level 16.9 Maces & Flails
 + Level 8.3 Armour
 + Level 7.5 Dodging


You had 10 spell levels left.
You didn't know any spells.

Dungeon Overview and Level Annotations

Branches:
Dungeon (10/15)            Temple (0/1) D:6            Lair (0/6) D:9
    Orc: D:9-12

Altars:
Cheibriados
Gozag
Kikubaaqudgha
Makhleb
Qazlal
Sif Muna
Zin
The Shining One


Innate Abilities, Weirdness & Mutations

You reflexively headbutt those who attack you in melee.
You have a pair of horns on your head.
You possess an exceptional clarity of mind.
Your system is resistant to poisons. (rPois)


Message History

You feel sick.
There is a stone staircase leading down here.
You can't go up here!
Your ogre goes berserk!
You are near starving!
The yak gores you but does no damage. The yak gores you.
* * * LOW HITPOINT WARNING * * *
The yak misses you. The yak barely misses you. The yak gores you.
* * * LOW HITPOINT WARNING * * *
Unknown command.
The yak snorts and paws the ground.
The yak gores you.
* * * LOW HITPOINT WARNING * * *
Your ogre hits the yak with a giant club!!
The yak barely misses you.
You feel yourself speed up.
You feel sick.
Your ogre hits the yak with a giant club.
The yak gores you!
You die...

.................####
...#
...............###
... )...............#
................#
................#
..............####
..........)......#
..............YO.####
#...#.........>Y@...#
#...###.......YY....#
###...........Y##...#
#.......<.......###
#...............#
#...#...........#
#...#......######
#####....### .....#


You could see 5 yaks and a friendly ogre (berserk).

Vanquished Creatures
  A rakshasa (D:9)
  3 two-headed ogres
  The ghost of Monsterracer the Quickloader, a novice DgAM (D:8)
  The ghost of letownia2 the Destroyer, a novice GrVM of Vehumet (D:10)
  Pikel (D:8)
  A manticore (D:9)
  An elephant (shapeshifter) (D:9)
  A gargoyle (D:9)
  A komodo dragon (D:9)
  A hornet (shapeshifter) (D:9)
  A hornet (D:9)
  A slime creature (D:9)
  Sigmund (D:2)
  A wyvern (D:7)
  Grum (D:8)
  The ghost of Monsterracer the Shooter, an amateur DgAM (D:3)
  7 yaks
  Menkaure (D:6)
  Duvessa (D:4)
  2 porcupines (D:9)
  7 orc warriors
  3 sky beasts
  A black bear (D:5)
  An eye of draining (D:9)
  4 centaurs
  3 ogres
  2 wolves (D:8)
  A crocodile (D:9)
  7 bullfrogs
  Blork the orc (D:6)
  Dowan (D:4)
  3 scorpions
  13 killer bees
  2 howler monkeys
  3 crimson imps
  A quasit (D:10)
  Crazy Yiuf (D:2)
  A centaur skeleton (D:7)
  9 hounds
  5 orc priests
  9 orc wizards
  An iguana (D:7)
  Natasha (thrice) (D:4)
  6 worker ants
  4 gnolls (D:5)
  10 adders
  A shadow imp (D:8)
  An ooze (D:4)
  3 adder zombies
  2 adder skeletons
  3 worms
  4 dart slugs
  3 leopard geckos
  23 orcs
  4 giant cockroaches
  13 goblins
  15 hobgoblins
  6 jackals
  15 kobolds
  3 quokkas
  3 ball pythons
  3 bats
  2 frilled lizards
  7 rats
242 creatures vanquished.

Notes
Turn   | Place    | Note
-------+----------+-------------------------------------------
     0 | D:1      | xccam the Minotaur Berserker began the quest for the Orb.
     0 | D:1      | Reached XP level 1. HP: 19/19 MP: 0/0
    40 | D:1      | Reached skill level 4 in Maces & Flails
   124 | D:1      | Reached XP level 2. HP: 18/26 MP: 1/1
   684 | D:2      | Reached skill level 5 in Maces & Flails
  1062 | D:2      | Noticed Sigmund
  1067 | D:2      | Killed Sigmund
  1067 | D:2      | Reached skill level 7 in Maces & Flails
  1067 | D:2      | Reached XP level 3. HP: 31/31 MP: 2/2
  1067 | D:2      | Reached XP level 4. HP: 39/39 MP: 3/3
  1067 | D:2      | Reached XP level 5. HP: 45/45 MP: 4/4
  1131 | D:2      | Found a glowing silver altar of Zin.
  1177 | D:2      | Reached ** piety under Trog
  1310 | D:2      | Found a runed door.
  1578 | D:2      | Found a burning altar of Makhleb.
  1578 | D:2      | Found a stormy altar of Qazlal.
  1583 | D:2      | Found an opulent altar of Gozag.
  1585 | D:2      | Found a glowing golden altar of the Shining One.
  1587 | D:2      | Found a snail-covered altar of Cheibriados.
  1780 | D:2      | Noticed Crazy Yiuf
  1784 | D:2      | Killed Crazy Yiuf
  1918 | D:3      | Reached skill level 8 in Maces & Flails
  2112 | D:3      | Noticed Monsterracer's ghost (amateur DgAM)
  2126 | D:3      | Killed Monsterracer's ghost
  2126 | D:3      | Reached skill level 9 in Maces & Flails
  2126 | D:3      | Reached XP level 6. HP: 51/51 MP: 5/5
  2406 | D:4      | Found a deep blue altar of Sif Muna.
  2559 | D:4      | Reached XP level 7. HP: 57/57 MP: 6/6
  2584 | D:4      | Reached *** piety under Trog
  2590 | D:4      | Reached skill level 10 in Maces & Flails
  3050 | D:4      | Noticed Duvessa
  3052 | D:4      | Noticed Dowan
  3059 | D:4      | Killed Duvessa
  3070 | D:4      | Killed Dowan
  3092 | D:4      | Noticed Natasha
  3097 | D:4      | Killed Natasha
  3119 | D:4      | Noticed Natasha
  3125 | D:4      | Killed Natasha
  3125 | D:4      | Reached skill level 11 in Maces & Flails
  3240 | D:4      | Noticed Natasha
  3246 | D:4      | Killed Natasha
  3297 | D:5      | Entered Level 5 of the Dungeon
  3358 | D:5      | Reached XP level 8. HP: 64/64 MP: 7/7
  3660 | D:5      | Reached **** piety under Trog
  3767 | D:5      | Reached skill level 12 in Maces & Flails
  3915 | D:5      | Gained mutation: Your system is resistant to poisons. (rPois) [potion of mutation]
  3915 | D:5      | Gained mutation: You possess an exceptional clarity of mind. [potion of mutation]
  4422 | D:6      | Noticed Blork the orc
  4428 | D:6      | Killed Blork the orc
  4511 | D:6      | Noticed Menkaure
  4520 | D:6      | Killed Menkaure
  4520 | D:6      | Reached skill level 13 in Maces & Flails
  4728 | D:6      | Found a staircase to the Ecumenical Temple.
  4780 | D:6      | Reached XP level 9. HP: 70/70 MP: 8/8
  4874 | D:6      | Got a spiked chain mail
  4885 | D:6      | Identified the +2 chain mail of the Hunter {MR+ Int+2 Dex+4 Slay+3} (You found it on level 6 of the Dungeon)
  4897 | D:6      | Reached skill level 14 in Maces & Flails
  5715 | D:7      | Reached skill level 5 in Fighting
  5879 | D:8      | Noticed Monsterracer's ghost (novice DgAM)
  5893 | D:8      | Killed Monsterracer's ghost
  5893 | D:8      | Reached skill level 15 in Maces & Flails
  5893 | D:8      | Reached skill level 5 in Armour
  5893 | D:8      | Reached XP level 10. HP: 81/83 MP: 9/9
  5953 | D:8      | Found an ancient bone altar of Kikubaaqudgha.
  6063 | D:8      | Noticed Grum
  6069 | D:8      | Reached ***** piety under Trog
  6078 | D:8      | Killed Grum
  6087 | D:8      | Reached skill level 5 in Dodging
  6126 | D:8      | Noticed Pikel
  6137 | D:8      | Killed Pikel
  6213 | D:8      | Noticed a two-headed ogre
  6217 | D:8      | Killed a two-headed ogre
  6540 | D:9      | Noticed a two-headed ogre
  6546 | D:9      | Killed a two-headed ogre
  6583 | D:9      | Reached skill level 16 in Maces & Flails
  6602 | D:9      | Noticed a rakshasa
  6617 | D:9      | Killed a rakshasa
  6617 | D:9      | Reached XP level 11. HP: 74/92 MP: 8/10
  6629 | D:9      | Noticed a fire crab
  6629 | D:9      | a fire crab changed into an elephant
  6667 | D:9      | Got a smoking granite ring
  7206 | D:9      | Received a gift from Trog
  7237 | D:9      | Noticed a two-headed ogre
  7243 | D:9      | Killed a two-headed ogre
  7521 | D:9      | Found a staircase to the Lair.
  7745 | D:10     | Entered Level 10 of the Dungeon
  7816 | D:10     | Noticed letownia2's ghost (novice GrVM)
  7832 | D:10     | Killed letownia2's ghost
  7858 | D:10     | Slain by a yak

Skill      XL: |  1  2  3  4  5  6  7  8  9 10 11 |
---------------+----------------------------------+-----
Maces & Flails | 4 7 9 11 13 15 16 | 16.9
Fighting       | 5 7 8 |  8.7
Armour         | 5 6 8 |  8.3
Dodging        | 4 6 7 |  7.5

Action                   |  1- 3 |  4- 6 |  7- 9 | 10-12 || total
-------------------------+-------+-------+-------+-------++-------
Melee: Mace              |    39 |    88 |   288 |   224 ||   639
       Headbutt          |     7 |    12 |    57 |    66 ||   142
Invok: Berserk           |     1 |     2 |     2 |     3 ||     8
       Trog's Hand       |       |     1 |     5 |     3 ||     9
       Burn Spellbooks   |       |       |     1 |     1 ||     2
       Brothers in Arms  |       |       |       |     1 ||     1
  Use: Potion            |     1 |       |     2 |     3 ||     6
       Scroll            |       |     4 |     3 |       ||     7
  Eat: Chunk             |       |     4 |    12 |     9 ||    25
       Ration            |       |     1 |     1 |       ||     2
Armor: Animal skin       |     4 |     4 |       |       ||     8
       Leather armour    |       |    11 |       |       ||    11
       Scale mail        |       |     5 |    19 |       ||    24
       Chain mail        |       |       |    74 |    64 ||   138
       Plate armour      |       |       |    14 |       ||    14
Dodge: Dodged            |    14 |    48 |   137 |   128 ||   327
